Workbook

Sheet BNLM
A1: DR BEYERS NAUDÉ LOCAL MUNICIPALITY TARIFFS 2025/2026 | M1: DR BEYERS NAUDÉ LOCAL MUNICIPALITY DRAFT TARIFFS 2026/2027
A2: BULK INFRASTRUCTURE CONTRIBUTION LEVY (BICL) CHARGES (see addendum) | M2: BULK INFRASTRUCTURE CONTRIBUTION LEVY (BICL) CHARGES (see addendum)
A5: METERED ELECTRICITY TARIFFS (subject to approval by NERSA) | M5: METERED ELECTRICITY TARIFFS (subject to approval by NERSA)
A7: METERED ELECTRICITY - DEPOSITS (increase 4,6%) | M7: METERED ELECTRICITY - DEPOSITS (increase 3,7%)
A9: Type of Deposit: | B9: NO VAT | M9: Type of Deposit: | N9: NO VAT
A10: Domestic | B10: 2928.6 | M10: Domestic | N10: =+'GENERAL TARIFFS'!H16 -> 3036.9 | U10: rounded
A11: Other | B11: 4686.1 | C11: or amount equal to one month's consumption | M11: Other | N11: =+'GENERAL TARIFFS'!H17 -> 4859.4 | O11: or amount equal to one month's consumption | U11: rounded
C12: or an amount specified by Treasurer | O12: or an amount specified by Treasurer
A15: METERED ELECTRICITY - RECONNECTION FEES (increase 4,6%) | M15: METERED ELECTRICITY - RECONNECTION FEES (increase 3,7%)
A17: Area: | B17: VAT EXCL | C17: VAT INCL | M17: Area: | N17: VAT EXCL | O17: VAT INCL
A18: Town | B18: 847.91 | C18: 975.1 | M18: Town | N18: =+O18/1.15 -> 879.21739 | O18: =+'GENERAL TARIFFS'!H22 -> 1011.1 | U18: rounded
A19: Rural Area | B19: 847.91 | C19: 975.1 | D19: (plus transport costs + 25%) | M19: Rural Area | N19: =+O19/1.15 -> 879.21739 | O19: =+'GENERAL TARIFFS'!H23 -> 1011.1 | P19: (plus transport costs + 25%) | U19: rounded
A22: METERED ELECTRICITY - AVAILABILITY & ENERGY CONSUMPTION (subject to approval by NERSA) | M22: METERED ELECTRICITY - AVAILABILITY & ENERGY CONSUMPTION (subject to approval by NERSA)
A23: SCALE 1 - DOMESTIC (Availability & Maintenance increase 4,6% / Consumption increase 11,3%) | M23: SCALE 1 - DOMESTIC (Availability & Maintenance increase 3,7% / Consumption increase 14,2%)
A24: (FBE Availability increase 0% / Consumption increase 0%) | M24: (FBE Availability increase 3,7% / Consumption increase 6%)
A25: Low Domestic Town - Indigent | E25: TARIFF | G25: VAT EXCL | H25: VAT INCL | M25: Low Domestic Town - Indigent | Q25: TARIFF | S25: VAT EXCL | T25: VAT INCL
A26: Availability | D26: Availability | E26: 1100 | F26: DOM1 | G26: 275.37557 | H26: 316.68191 | M26: Availability | P26: Availability | Q26: 1100 | R26: DOM1 | S26: =+T26/1.15 -> 285.56447 | T26: =+H26+(H26*0.037) -> 328.39914
A27: Per unit/kWh | B27: Block 1 | C27: 1-50kWh | D27: Energy/kWh | E27: 1100 | F27: DOM1 | G27: 1.73482 | H27: 1.995043 | M27: Per unit/kWh | N27: Block 1 | O27: 1-50kWh | P27: Energy/kWh | Q27: 1100 | R27: DOM1 | S27: =+T27/1.15 -> 1.8389092 | T27: =+H27+(H27*0.06) -> 2.1147455
A28: Per unit/kWh | B28: Block 2 | C28: 51-350kWh | D28: Energy/kWh | E28: 1100 | F28: DOM1 | G28: 2.2482748 | H28: 2.585516 | M28: Per unit/kWh | N28: Block 2 | O28: 51-350kWh | P28: Energy/kWh | Q28: 1100 | R28: DOM1 | S28: =+T28/1.15 -> 2.3831713 | T28: =+H28+(H28*0.06) -> 2.740647
A29: Per unit/kWh | B29: Block 3 | C29: 351-600kWh | D29: Energy/kWh | E29: 1100 | F29: DOM1 | G29: 2.743567 | H29: 3.155102 | M29: Per unit/kWh | N29: Block 3 | O29: 351-600kWh | P29: Energy/kWh | Q29: 1100 | R29: DOM1 | S29: =+T29/1.15 -> 2.908181 | T29: =+H29+(H29*0.06) -> 3.3444081
A30: Per unit/kWh | B30: Block 4 | C30: >600kWh | D30: Energy/kWh | E30: 1100 | F30: DOM1 | G30: 3.2439043 | H30: 3.73049 | M30: Per unit/kWh | N30: Block 4 | O30: >600kWh | P30: Energy/kWh | Q30: 1100 | R30: DOM1 | S30: =+T30/1.15 -> 3.4385386 | T30: =+H30+(H30*0.06) -> 3.9543194
A32: Domestic Town | E32: TARIFF | G32: VAT EXCL | H32: VAT INCL | M32: Domestic Town | Q32: TARIFF | S32: VAT EXCL | T32: VAT INCL
A33: Availability | D33: Availability | E33: 1101 | F33: DOM2 | G33: 410.51 | H33: 472.09 | M33: Availability | P33: Availability | Q33: 1101 | R33: DOM2 | S33: =+T33/1.15 -> 425.70203 | T33: =+H33+(H33*0.037) -> 489.55733
A34: Per unit/kWh | B34: Block 1 | C34: 1-50kWh | D34: Energy/kWh | E34: 1101 | F34: DOM2 | G34: 2.019 | H34: 2.3219 | M34: Per unit/kWh | N34: Block 1 | O34: 1-50kWh | P34: Energy/kWh | Q34: 1101 | R34: DOM2 | S34: =+T34/1.15 -> 2.3057477 | T34: =+H34+(H34*0.142) -> 2.6516098
A35: Per unit/kWh | B35: Block 2 | C35: 51-350kWh | D35: Energy/kWh | E35: 1101 | F35: DOM2 | G35: 2.5921743 | H35: 2.9810005 | M35: Per unit/kWh | N35: Block 2 | O35: 51-350kWh | P35: Energy/kWh | Q35: 1101 | R35: DOM2 | S35: =+T35/1.15 -> 2.9602631 | T35: =+H35+(H35*0.142) -> 3.4043026
A36: Per unit/kWh | B36: Block 3 | C36: 351-600kWh | D36: Energy/kWh | E36: 1101 | F36: DOM2 | G36: 3.5486 | H36: 4.0809 | M36: Per unit/kWh | N36: Block 3 | O36: 351-600kWh | P36: Energy/kWh | Q36: 1101 | R36: DOM2 | S36: =+T36/1.15 -> 4.0525111 | T36: =+H36+(H36*0.142) -> 4.6603878
A37: Per unit/kWh | B37: Block 4 | C37: >600kWh | D37: Energy/kWh | E37: 1101 | F37: DOM2 | G37: 4.1317241 | H37: 4.7514827 | M37: Per unit/kWh | N37: Block 4 | O37: >600kWh | P37: Energy/kWh | Q37: 1101 | R37: DOM2 | S37: =+T37/1.15 -> 4.7184289 | T37: =+H37+(H37*0.142) -> 5.4261932
A39: Domestic - Farms (Jansenville) | E39: TARIFF | G39: VAT EXCL | H39: VAT INCL | M39: Domestic - Farms (Jansenville) | Q39: TARIFF | S39: VAT EXCL | T39: VAT INCL
A40: Availability | D40: Availability | E40: 1102 | F40: DOM2 | G40: 410.51304 | H40: 472.09 | M40: Availability | P40: Availability | Q40: 1102 | R40: DOM2 | S40: =+T40/1.15 -> 425.70203 | T40: =+H40+(H40*0.037) -> 489.55733
A41: Per unit/kWh | B41: Block 1 | C41: 1-50kWh | D41: Energy/kWh | E41: 1102 | F41: DOM2 | G41: 2.019 | H41: 2.3219 | M41: Per unit/kWh | N41: Block 1 | O41: 1-50kWh | P41: Energy/kWh | Q41: 1102 | R41: DOM2 | S41: =+T41/1.15 -> 2.3057477 | T41: =+H41+(H41*0.142) -> 2.6516098
A42: Per unit/kWh | B42: Block 2 | C42: 51-350kWh | D42: Energy/kWh | E42: 1102 | F42: DOM2 | G42: 2.5921743 | H42: 2.9810005 | M42: Per unit/kWh | N42: Block 2 | O42: 51-350kWh | P42: Energy/kWh | Q42: 1102 | R42: DOM2 | S42: =+T42/1.15 -> 2.9602631 | T42: =+H42+(H42*0.142) -> 3.4043026
A43: Per unit/kWh | B43: Block 3 | C43: 351-600kWh | D43: Energy/kWh | E43: 1102 | F43: DOM2 | G43: 3.5486 | H43: 4.0809 | M43: Per unit/kWh | N43: Block 3 | O43: 351-600kWh | P43: Energy/kWh | Q43: 1102 | R43: DOM2 | S43: =+T43/1.15 -> 4.0525111 | T43: =+H43+(H43*0.142) -> 4.6603878
A44: Per unit/kWh | B44: Block 4 | C44: >600kWh | D44: Energy/kWh | E44: 1102 | F44: DOM2 | G44: 4.1317241 | H44: 4.7514827 | M44: Per unit/kWh | N44: Block 4 | O44: >600kWh | P44: Energy/kWh | Q44: 1102 | R44: DOM2 | S44: =+T44/1.15 -> 4.7184289 | T44: =+H44+(H44*0.142) -> 5.4261932
A45: Maintenance | D45: Maintenance | E45: 1103 | G45: 581.64 | H45: 668.89 | M45: Maintenance | P45: Maintenance | Q45: 1103 | S45: =+T45/1.15 -> 603.16429 | T45: =+H45+(H45*0.037) -> 693.63893
A47: Domestic - Farms (FM Lines) | E47: TARIFF | G47: VAT EXCL | H47: VAT INCL | M47: Domestic - Farms (FM Lines) | Q47: TARIFF | S47: VAT EXCL | T47: VAT INCL
A48: Availability | D48: Availability | E48: 1104 | F48: DOM2 | G48: 410.51304 | H48: 472.09 | M48: Availability | P48: Availability | Q48: 1104 | R48: DOM2 | S48: =+T48/1.15 -> 425.70203 | T48: =+H48+(H48*0.037) -> 489.55733
A49: Per unit/kWh | B49: Block 1 | C49: 1-50kWh | D49: Energy/kWh | E49: 1104 | F49: DOM2 | G49: 2.019 | H49: 2.3219 | M49: Per unit/kWh | N49: Block 1 | O49: 1-50kWh | P49: Energy/kWh | Q49: 1104 | R49: DOM2 | S49: =+T49/1.15 -> 2.3057477 | T49: =+H49+(H49*0.142) -> 2.6516098
A50: Per unit/kWh | B50: Block 2 | C50: 51-350kWh | D50: Energy/kWh | E50: 1104 | F50: DOM2 | G50: 2.5921743 | H50: 2.9810005 | M50: Per unit/kWh | N50: Block 2 | O50: 51-350kWh | P50: Energy/kWh | Q50: 1104 | R50: DOM2 | S50: =+T50/1.15 -> 2.9602631 | T50: =+H50+(H50*0.142) -> 3.4043026
A51: Per unit/kWh | B51: Block 3 | C51: 351-600kWh | D51: Energy/kWh | E51: 1104 | F51: DOM2 | G51: 3.5486087 | H51: 4.0809 | M51: Per unit/kWh | N51: Block 3 | O51: 351-600kWh | P51: Energy/kWh | Q51: 1104 | R51: DOM2 | S51: =+T51/1.15 -> 4.0525111 | T51: =+H51+(H51*0.142) -> 4.6603878
A52: Per unit/kWh | B52: Block 4 | C52: >600kWh | D52: Energy/kWh | E52: 1104 | F52: DOM2 | G52: 4.1317241 | H52: 4.7514827 | M52: Per unit/kWh | N52: Block 4 | O52: >600kWh | P52: Energy/kWh | Q52: 1104 | R52: DOM2 | S52: =+T52/1.15 -> 4.7184289 | T52: =+H52+(H52*0.142) -> 5.4261932
A53: Maintenance | D53: Maintenance | E53: 1105 | G53: 459.31 | H53: 528.21 | M53: Maintenance | P53: Maintenance | Q53: 1105 | S53: =+T53/1.15 -> 476.30763 | T53: =+H53+(H53*0.037) -> 547.75377
A55: Domestic Departure Use | E55: TARIFF | G55: VAT EXCL | H55: VAT INCL | M55: Domestic Departure Use | Q55: TARIFF | S55: VAT EXCL | T55: VAT INCL
A56: Availability | D56: Availability | E56: 1106 | F56: DOM3 | G56: 645.3 | H56: 742.1 | M56: Availability | P56: Availability | Q56: 1106 | R56: DOM3 | S56: =+T56/1.15 -> 669.18061 | T56: =+H56+(H56*0.037) -> 769.5577
A57: Per unit/kWh | B57: Block 1 | C57: 1-50kWh | D57: Energy/kWh | E57: 1106 | F57: DOM3 | G57: 2.0190435 | H57: 2.3219 | M57: Per unit/kWh | N57: Block 1 | O57: 1-50kWh | P57: Energy/kWh | Q57: 1106 | R57: DOM3 | S57: =+T57/1.15 -> 2.3057477 | T57: =+H57+(H57*0.142) -> 2.6516098
A58: Per unit/kWh | B58: Block 2 | C58: 51-350kWh | D58: Energy/kWh | E58: 1106 | F58: DOM3 | G58: 2.5921743 | H58: 2.9810005 | M58: Per unit/kWh | N58: Block 2 | O58: 51-350kWh | P58: Energy/kWh | Q58: 1106 | R58: DOM3 | S58: =+T58/1.15 -> 2.9602631 | T58: =+H58+(H58*0.142) -> 3.4043026
A59: Per unit/kWh | B59: Block 3 | C59: 351-600kWh | D59: Energy/kWh | E59: 1106 | F59: DOM3 | G59: 3.5486087 | H59: 4.0809 | M59: Per unit/kWh | N59: Block 3 | O59: 351-600kWh | P59: Energy/kWh | Q59: 1106 | R59: DOM3 | S59: =+T59/1.15 -> 4.0525111 | T59: =+H59+(H59*0.142) -> 4.6603878
A60: Per unit/kWh | B60: Block 4 | C60: >600kWh | D60: Energy/kWh | E60: 1106 | F60: DOM3 | G60: 4.1317241 | H60: 4.7514827 | M60: Per unit/kWh | N60: Block 4 | O60: >600kWh | P60: Energy/kWh | Q60: 1106 | R60: DOM3 | S60: =+T60/1.15 -> 4.7184289 | T60: =+H60+(H60*0.142) -> 5.4261932
A63: DR BEYERS NAUDÉ LOCAL MUNICIPALITY TARIFFS 2025/2026 | M63: DR BEYERS NAUDÉ LOCAL MUNICIPALITY DRAFT TARIFFS 2026/2027
A64: BULK INFRASTRUCTURE CONTRIBUTION LEVY (BICL) CHARGES (see addendum) | M64: BULK INFRASTRUCTURE CONTRIBUTION LEVY (BICL) CHARGES (see addendum)
A67: METERED ELECTRICITY TARIFFS (subject to approval by NERSA) | M67: METERED ELECTRICITY TARIFFS (subject to approval by NERSA)
A69: METERED ELECTRICITY - AVAILABILITY & ENERGY CONSUMPTION (subject to approval by NERSA) | M69: METERED ELECTRICITY - AVAILABILITY & ENERGY CONSUMPTION (subject to approval by NERSA)
A70: SCALE 2 - COMMERCIAL/BUSINESS (Availability & Maintenance increase 4,6% / Consumption increase 11,3%) | M70: SCALE 2 - COMMERCIAL/BUSINESS (Availability & Maintenance increase 3,7% / Consumption increase 9,01%)
A71: (Municipal - Availability increase 4.6% / Consumption Increase 4.6%) | M71: (Municipal - Availability increase 3,7% / Consumption Increase 3,7%)
A72: (Streetlighting- Availability increase 0% / Consumption Increase 0%) | M72: (Streetlighting- Availability increase 3,7% / Consumption Increase 3,7%)
A74: Small Power up to 50kVA | E74: TARIFF | G74: VAT EXCL | H74: VAT INCL | M74: Small Power up to 50kVA | Q74: TARIFF | S74: VAT EXCL | T74: VAT INCL
A75: Availability | D75: Availability | E75: 1107 | F75: COM2 | G75: 794.1 | H75: 913.22 | M75: Availability | P75: Availability | Q75: 1107 | R75: COM2 | S75: =+T75/1.15 -> 823.48621 | T75: =+H75+(H75*0.037) -> 947.00914
A76: Per unit/kWh | D76: Energy/kWh | E76: 1107 | F76: COM2 | G76: 2.97273 | H76: 3.4186395 | M76: Per unit/kWh | P76: Energy/kWh | Q76: 1107 | R76: COM2 | S76: =+T76/1.15 -> 3.2405729 | T76: =+H76+(H76*0.0901) -> 3.7266589
A78: Off Peak - Town | E78: TARIFF | G78: VAT EXCL | H78: VAT INCL | M78: Off Peak - Town | Q78: TARIFF | S78: VAT EXCL | T78: VAT INCL
A79: Availability | D79: Availability | E79: 1108 | F79: COM4 | G79: 1302.05 | H79: 1497.36 | M79: Availability | P79: Availability | Q79: 1108 | R79: COM4 | S79: =+T79/1.15 -> 1350.2281 | T79: =+H79+(H79*0.037) -> 1552.7623
A80: Per unit/kWh | D80: Energy/kWh | E80: 1108 | F80: COM4 | G80: 2.7473165 | H80: 3.159414 | M80: Per unit/kWh | P80: Energy/kWh | Q80: 1108 | R80: COM4 | S80: =+T80/1.15 -> 2.9948498 | T80: =+H80+(H80*0.0901) -> 3.4440772
A82: Municipal Departments | E82: TARIFF | H82: NO VAT | M82: Municipal Departments | Q82: TARIFF | T82: NO VAT
A83: Availability | D83: Availability | E83: 1109 | F83: MUN1 | H83: 563.03 | M83: Availability | P83: Availability | Q83: 1109 | R83: MUN1 | T83: =+H83+(H83*0.037) -> 583.86211
A84: Per unit/kWh | D84: Energy/kWh | E84: 1109 | F84: MUN1 | H84: 2.8051 | M84: Per unit/kWh | P84: Energy/kWh | Q84: 1109 | R84: MUN1 | T84: =+H84+(H84*0.037) -> 2.9088887
A86: Streetlights - Municipal | E86: TARIFF | H86: NO VAT | M86: Streetlights - Municipal | Q86: TARIFF | T86: NO VAT
A87: Availability | D87: Per Streetlight | E87: 1110 | F87: MUN2 | H87: 273.54408 | M87: Availability | P87: Per Streetlight | Q87: 1110 | R87: MUN2 | T87: =+H87+(H87*0.037) -> 283.66521
A89: Streetlights - Municipal (Steytlerville) | E89: TARIFF | H89: NO VAT | M89: Streetlights - Municipal (Steytlerville) | Q89: TARIFF | T89: NO VAT
A90: Per unit/kWh | D90: Energy/kWh | E90: 1110 | H90: 3.1531 | M90: Per unit/kWh | P90: Energy/kWh | Q90: 1110 | T90: =+H90+(H90*0.037) -> 3.2697647
A92: Caravan Parks/Umasizakhe | E92: TARIFF | G92: VAT EXCL | H92: VAT INCL | M92: Caravan Parks/Umasizakhe | Q92: TARIFF | S92: VAT EXCL | T92: VAT INCL
A93: Availability | D93: Availability | E93: 1111 | F93: COM1 | G93: 400.43 | H93: 460.49 | M93: Availability | P93: Availability | Q93: 1111 | R93: COM1 | S93: =+T93/1.15 -> 415.24185 | T93: =+H93+(H93*0.037) -> 477.52813
A94: Per unit/kWh | D94: Energy/kWh | E94: 1111 | F94: COM1 | G94: 3.2935 | H94: 3.7875 | M94: Per unit/kWh | P94: Energy/kWh | Q94: 1111 | R94: COM1 | S94: =+T94/1.15 -> 3.5902207 | T94: =+H94+(H94*0.0901) -> 4.1287538
A96: Streetlights - Private | E96: TARIFF | G96: VAT EXCL | H96: VAT INCL | M96: Streetlights - Private | Q96: TARIFF | S96: VAT EXCL | T96: VAT INCL
A97: Availability | D97: Per Streetlight | E97: 1112 | F97: MUN2 | G97: 273.54408 | H97: 314.5757 | M97: Availability | P97: Per Streetlight | Q97: 1112 | R97: MUN2 | S97: =+T97/1.15 -> 283.66521 | T97: =+H97+(H97*0.037) -> 326.215
A99: Farms - Jansenville | E99: TARIFF | G99: VAT EXCL | H99: VAT INCL | M99: Farms - Jansenville | Q99: TARIFF | S99: VAT EXCL | T99: VAT INCL
A100: Availability | D100: Availability | E100: 1113 | F100: AGR1 | G100: 839.96 | H100: 965.95 | M100: Availability | P100: Availability | Q100: 1113 | R100: AGR1 | S100: =+T100/1.15 -> 871.03491 | T100: =+H100+(H100*0.037) -> 1001.6902
A101: Per unit/kWh | D101: Energy/kWh | E101: 1113 | F101: AGR1 | G101: 3.9180507 | H101: 4.5057583 | M101: Per unit/kWh | P101: Energy/kWh | Q101: 1113 | R101: AGR1 | S101: =+T101/1.15 -> 4.2710671 | T101: =+H101+(H101*0.0901) -> 4.9117272
A102: Maintenance | D102: Maintenance | E102: 1115 | G102: 581.64 | H102: 668.89 | M102: Maintenance | P102: Maintenance | Q102: 1115 | S102: =+T102/1.15 -> 603.16429 | T102: =+H102+(H102*0.037) -> 693.63893
A104: Off Peak - Jansenville | E104: TARIFF | G104: VAT EXCL | H104: VAT INCL | M104: Off Peak - Jansenville | Q104: TARIFF | S104: VAT EXCL | T104: VAT INCL
A105: Availability | D105: Availability | E105: 1114 | F105: AGR2 | G105: 1448.37 | H105: 1665.63 | M105: Availability | P105: Availability | Q105: 1114 | R105: AGR2 | S105: =+T105/1.15 -> 1501.9637 | T105: =+H105+(H105*0.037) -> 1727.2583
A106: Per unit/kWh | D106: Energy/kWh | E106: 1114 | F106: AGR2 | G106: 2.7652362 | H106: 3.1800216 | M106: Per unit/kWh | P106: Energy/kWh | Q106: 1114 | R106: AGR2 | S106: =+T106/1.15 -> 3.014384 | T106: =+H106+(H106*0.0901) -> 3.4665416
A107: Maintenance | D107: Maintenance | E107: 1115 | G107: 581.64 | H107: 668.89 | M107: Maintenance | P107: Maintenance | Q107: 1115 | S107: =+T107/1.15 -> 603.16429 | T107: =+H107+(H107*0.037) -> 693.63893
A109: Farms - FM Lines | E109: TARIFF | G109: VAT EXCL | H109: VAT INCL | M109: Farms - FM Lines | Q109: TARIFF | S109: VAT EXCL | T109: VAT INCL
A110: Availability | D110: Availability | E110: 1116 | F110: COM2 | G110: 794.1 | H110: 913.22 | M110: Availability | P110: Availability | Q110: 1116 | R110: COM2 | S110: =+T110/1.15 -> 823.48621 | T110: =+H110+(H110*0.037) -> 947.00914
A111: Per unit/kWh | D111: Energy/kWh | E111: 1116 | F111: COM2 | G111: 2.97273 | H111: 3.4186395 | M111: Per unit/kWh | P111: Energy/kWh | Q111: 1116 | R111: COM2 | S111: =+T111/1.15 -> 3.2405729 | T111: =+H111+(H111*0.0901) -> 3.7266589
A112: Maintenance | D112: Maintenance | E112: 1118 | G112: 459.31 | H112: 528.21 | M112: Maintenance | P112: Maintenance | Q112: 1118 | S112: =+T112/1.15 -> 476.30763 | T112: =+H112+(H112*0.037) -> 547.75377
A114: Off Peak - FM Lines | E114: TARIFF | G114: VAT EXCL | H114: VAT INCL | M114: Off Peak - FM Lines | Q114: TARIFF | S114: VAT EXCL | T114: VAT INCL
A115: Availability | D115: Availability | E115: 1117 | F115: COM3 | G115: 1250.15 | H115: 1437.67 | M115: Availability | P115: Availability | Q115: 1117 | R115: COM3 | S115: =+T115/1.15 -> 1296.4033 | T115: =+H115+(H115*0.037) -> 1490.8638
A116: Per unit/kWh | D116: Energy/kWh | E116: 1117 | F116: COM3 | G116: 3.0049777 | H116: 3.4557244 | M116: Per unit/kWh | P116: Energy/kWh | Q116: 1117 | R116: COM3 | S116: =+T116/1.15 -> 3.2757262 | T116: =+H116+(H116*0.0901) -> 3.7670852
A117: Maintenance | D117: Maintenance | E117: 1118 | G117: 459.31 | H117: 528.21 | M117: Maintenance | P117: Maintenance | Q117: 1118 | S117: =+T117/1.15 -> 476.30763 | T117: =+H117+(H117*0.037) -> 547.75377
A120: METERED ELECTRICITY - AVAILABILITY & ENERGY CONSUMPTION (subject to approval by NERSA) | M120: METERED ELECTRICITY - AVAILABILITY & ENERGY CONSUMPTION (subject to approval by NERSA)
A121: SCALE 3 - COMMERCIAL/BUSINESS (Availability increase 4,6% / Consumption increase 11,3%) | M121: SCALE 3 - COMMERCIAL/BUSINESS (Availability increase 3,7% / Consumption increase 9,01%)
A123: Large Power - 50 to 100kVA | E123: TARIFF | G123: VAT EXCL | H123: VAT INCL | M123: Large Power - 50 to 100kVA | Q123: TARIFF | S123: VAT EXCL | T123: VAT INCL
A124: Availability | D124: Availability | E124: 1119 | F124: IND3 | G124: 2380.18 | H124: 2737.21 | M124: Availability | P124: Availability | Q124: 1119 | R124: IND3 | S124: =+T124/1.15 -> 2468.2494 | T124: =+H124+(H124*0.037) -> 2838.4868
A125: Per unit/kWh | D125: Energy/kWh | E125: 1119 | F125: IND3 | G125: 1.6623754 | H125: 1.9117317 | M125: Per unit/kWh | P125: Energy/kWh | Q125: 1119 | R125: IND3 | S125: =+T125/1.15 -> 1.8121554 | T125: =+H125+(H125*0.0901) -> 2.0839787
A127: Large Power - 3 phase KVA (Willowmore&Steytlerville Only) | E127: TARIFF | G127: VAT EXCL | H127: VAT INCL | M127: Large Power - 3 phase KVA (Willowmore&Steytlerville Only) | Q127: TARIFF | S127: VAT EXCL | T127: VAT INCL
A128: Per unit/kWh | D128: Energy/kWh | E128: 1119 | G128: 2.4308 | H128: 2.7954 | M128: Per unit/kWh | P128: Energy/kWh | Q128: 1119 | S128: =+T128/1.15 -> 2.6497961 | T128: =+H128+(H128*0.0901) -> 3.0472655
A129: Demand/KVA | D129: Energy/KVA | G129: 389.15319 | H129: 447.52617 | M129: Demand/KVA | P129: Energy/KVA | S129: =+T129/1.15 -> 424.21589 | T129: =+H129+(H129*0.0901) -> 487.84828
A131: Demand KVA - Minimum 40 KVA | E131: TARIFF | G131: VAT EXCL | H131: VAT INCL | M131: Demand KVA - Minimum 40 KVA (availability equals 40 KVA usage) | Q131: TARIFF | S131: VAT EXCL | T131: VAT INCL
A132: Availability | D132: Availability | E132: 1120 | F132: IND4 | G132: 21918 | H132: 25205.7 | M132: Availability | P132: Availability | Q132: 1120 | R132: IND4 | S132: =+T132/1.15 -> 23892.87 | T132: 27476.8
A133: Per Unit/kVA | D133: Demand/kVA>40 | E133: 1120 | F133: IND4 | G133: 547.95 | H133: 630.14 | M133: Per Unit/kVA | P133: Demand/kVA>40 | Q133: 1120 | R133: IND4 | S133: =+T133/1.15 -> 597.31793 | T133: =+H133+(H133*0.0901) -> 686.91561
A136: DR BEYERS NAUDÉ LOCAL MUNICIPALITY TARIFFS 2025/2026 | M136: DR BEYERS NAUDÉ LOCAL MUNICIPALITY DRAFT TARIFFS 2026/2027
...

Sheet ADDENDUM
A1: BULK INFRASTRUCTURE CONTRIBUTION LEVY (BICL) CHARGES FOR 2026/2027
A3: a) | B3: Non-residential developments: | C3: 2025/26 Tariff vat incl. | D3: 2026/27 Tariff vat incl. | E3: 2026/27 Tariff vat incl. rounded
B4: * Electricity - per kVA | C4: 1662.6 | D4: =+C4+(C4*0.037) -> 1724.1162 | E4: =ROUNDDOWN(D4,1) -> 1724.1
B5: * Water - per extra L/sec of flow required | C5: 134157.9 | D5: =+C5+(C5*0.037) -> 139121.74 | E5: =ROUNDDOWN(D5,1) -> 139121.7
B6: * Sewerage - per extra L/sec of flow required | C6: 273633 | D6: =+C6+(C6*0.037) -> 283757.42 | E6: =ROUNDDOWN(D6,1) -> 283757.4
B7: * Solid Waste - per additional person | C7: 853.8 | D7: =+C7+(C7*0.037) -> 885.3906 | E7: =ROUNDDOWN(D7,1) -> 885.3
A8: b) | B8: Residential developments:
B9: 7.5% of the market value of each erf determined by agreement between the Council and the developer
B10: provided that, in the event of a dispute as to market value, same will be determined by the mean of
B11: two valuations obtained by the Council at the expense of the developer.
B13: For purposes of this paragraph, a residential development includes any separate erf zoned for
B14: single residential purposed and, in the case of town and group housing developments, each
B15: separate residential erf in such development.
B17: Where, in a township developed essentially for residential purposes, there are non-residential
B18: erven e.g. business sites, then paragraph (a) will be applied in respect of such erven to determine
B19: the levy;
A21: c) | B21: that above BICL shall be paid to Council when a zoning/rezoning is activated i.e. when building
B22: plans are submitted for approval in respect of non-residential development or when application is
B23: made for authority to transfer a residential erf in an approved residential township or Sub-division;
A25: d) | B25: that a special trust account be opened into which all BICL will be paid and from which contributions
B26: towards the cost of providing bulk infrastructure will be withdrawn;
A28: e) | B28: that all expenditure in regard to the investigation referred to in paragraph (a) and (b) where
B29: necessary be paid from the aforesaid trust account;
A31: f) | B31: that above BICL charges be adopted as a Council Policy and be incorporated as a condition in all
B32: Council resolutions approving new development projects;
A34: g) | B34: that above BICL charges be adjusted annually;
A36: h) | B36: that developers be required to acknowledge their indebtness to the Council in respect of BICL by
B37: signing a standard Acknowledgement of Debt; and
A39: i) | B39: that the following amendment be noted and accepted:
B41: The BICL will be applicable to all developments except the following:
B43: - Midland Hospital - Almost completed
B44: - Education Offices in Murray Street - Under construction
B45: - Town Houses Donkin Street - Under construction
B46: - H.C.K. (Spandau Housing Project)
A49: Temporary Festival supply points
B51: Single phase Pre-paid meter supply point 60 Amp – R 1000-00 (No Refund )
B52: Three phase Pre-paid meter supply point 60 Amp – R 2000 -00 ( No Refund )
B54: All material remains the property of Municipality

Sheet GENERAL TARIFFS
A1: DR BEYERS NAUDÉ LOCAL MUNICIPALITY - GENERAL TARIFFS 2025/2026 | J1: 0.06
A2: Town | B2: Tariff Description | C2: 2025/2026 | E2: 2026/2027 | G2: 2026/2027 rounded | I2: Comments
C3: RATE - vat excl | D3: RATE - vat incl | E3: RATE - vat excl | F3: RATE - vat incl | G3: RATE - vat excl | H3: RATE - vat incl
A4: GENERAL TARIFFS - FINANCE
A5: All towns | B5: Clearance Certificate | C5: 337.3913 | D5: 388 | E5: =+F5/1.15 -> 349.87478 | F5: =+D5+(D5*0.037) -> 402.356 | G5: =+H5/1.15 -> 349.82609 | H5: =ROUNDDOWN(F5,1) -> 402.3 | J5: =D5*1.06 -> 411.28
A6: All towns | B6: Valuation Certificate | C6: 295.21739 | D6: 339.5 | E6: =+F6/1.15 -> 306.14043 | F6: =+D6+(D6*0.037) -> 352.0615 | G6: =+H6/1.15 -> 306.08696 | H6: =ROUNDDOWN(F6,1) -> 352 | J6: =D6*1.06 -> 359.87
A7: All towns | B7: Search Fees | C7: 96.086957 | D7: 110.5 | E7: =+F7/1.15 -> 99.642174 | F7: =+D7+(D7*0.037) -> 114.5885 | G7: =+H7/1.15 -> 99.565217 | H7: =ROUNDDOWN(F7,1) -> 114.5 | J7: =D7*1.06 -> 117.13
A8: All towns | B8: Tender Clearance Certificate | C8: 95.391304 | D8: 109.7 | E8: =+F8/1.15 -> 98.920783 | F8: =+D8+(D8*0.037) -> 113.7589 | G8: =+H8/1.15 -> 98.869565 | H8: =ROUNDDOWN(F8,1) -> 113.7
A9: All towns | B9: Charges for Blocking/unblocking indigent prepaid meters | C9: 61.73913 | D9: 71 | E9: =+F9/1.15 -> 64.023478 | F9: =+D9+(D9*0.037) -> 73.627 | G9: =+H9/1.15 -> 64 | H9: =ROUNDDOWN(F9,1) -> 73.6 | J9: =D9*1.06 -> 75.26
A10: All towns | B10: Charges for Notices of Default | C10: 80.608696 | D10: 92.7 | E10: =+F10/1.15 -> 83.591217 | F10: =+D10+(D10*0.037) -> 96.1299 | G10: =+H10/1.15 -> 83.565217 | H10: =ROUNDDOWN(F10,1) -> 96.1 | J10: =D10*1.06 -> 98.262
A11: All towns | B11: Penalty charges for dishonoured cheques | C11: 714.69565 | D11: 821.9 | E11: =+F11/1.15 -> 741.13939 | F11: =+D11+(D11*0.037) -> 852.3103 | G11: =+H11/1.15 -> 741.13043 | H11: =ROUNDDOWN(F11,1) -> 852.3 | J11: =D11*1.06 -> 871.214
A12: DR BEYERS NAUDÉ LOCAL MUNICIPALITY - GENERAL TARIFFS 2025/2026
A13: Town | B13: Tariff Description | C13: 2025/2026 | E13: 2026/2027 | G13: 2026/2027 rounded | I13: Comments
C14: RATE - vat excl | D14: RATE - vat incl | E14: RATE - vat excl | F14: RATE - vat incl | G14: RATE - vat excl | H14: RATE - vat incl
A15: ELECTRICITY
A16: GRT, AB, NB | B16: Metered Electricity Deposit:Domestic | C16: 2928.6 | D16: 2928.6 | E16: =+F16 -> 3036.9582 | F16: =+D16+(D16*0.037) -> 3036.9582 | G16: =+H16 -> 3036.9 | H16: =ROUNDDOWN(F16,1) -> 3036.9 | I16: No VAT on deposits
A17: GRT, AB, NB | B17: Metered Electricity Deposit: Other | C17: 4686.1 | D17: 4686.1 | E17: =+F17 -> 4859.4857 | F17: =+D17+(D17*0.037) -> 4859.4857 | G17: =+H17 -> 4859.4 | H17: =ROUNDDOWN(F17,1) -> 4859.4 | I17: Or equeal to one month's consumption / No VAT on deposits
A18: WM, SV | B18: Metered Electricity Deposit:Domestic | C18: 2928.6 | D18: 2928.6 | E18: =+F18 -> 3036.9582 | F18: =+D18+(D18*0.037) -> 3036.9582 | G18: =+H18 -> 3036.9 | H18: =ROUNDDOWN(F18,1) -> 3036.9 | I18: No VAT on deposits
A19: WM, SV | B19: Metered Electricity Deposit: Other | C19: 4686.1 | D19: 4686.1 | E19: =+F19 -> 4859.4857 | F19: =+D19+(D19*0.037) -> 4859.4857 | G19: =+H19 -> 4859.4 | H19: =ROUNDDOWN(F19,1) -> 4859.4 | I19: Or equeal to one month's consumption / No VAT on deposits
A20: JV | B20: Metered Electricity Deposit:Domestic | C20: 2928.6 | D20: 2928.6 | E20: =+F20 -> 3036.9582 | F20: =+D20+(D20*0.037) -> 3036.9582 | G20: =+H20 -> 3036.9 | H20: =ROUNDDOWN(F20,1) -> 3036.9 | I20: No VAT on deposits
A21: JV | B21: Metered Electricity Deposit: Other | C21: 4686.1 | D21: 4686.1 | E21: =+F21 -> 4859.4857 | F21: =+D21+(D21*0.037) -> 4859.4857 | G21: =+H21 -> 4859.4 | H21: =ROUNDDOWN(F21,1) -> 4859.4 | I21: Or equeal to one month's consumption / No VAT on deposits
A22: GRT, AB, NB | B22: Metered Electricity: Reconnection Fees: Town | C22: 847.91304 | D22: 975.1 | E22: =+F22/1.15 -> 879.28583 | F22: =+D22+(D22*0.037) -> 1011.1787 | G22: =+H22/1.15 -> 879.21739 | H22: =ROUNDDOWN(F22,1) -> 1011.1
A23: GRT, AB, NB | B23: Metered Electricity: Reconnection Fees: Rural | C23: 847.91304 | D23: 975.1 | E23: =+F23/1.15 -> 879.28583 | F23: =+D23+(D23*0.037) -> 1011.1787 | G23: =+H23/1.15 -> 879.21739 | H23: =ROUNDDOWN(F23,1) -> 1011.1 | I23: Plus transport costs + 25%
A24: JV | B24: Metered Electricity: Reconnection Fees: Town | C24: 847.91304 | D24: 975.1 | E24: =+F24/1.15 -> 879.28583 | F24: =+D24+(D24*0.037) -> 1011.1787 | G24: =+H24/1.15 -> 879.21739 | H24: =ROUNDDOWN(F24,1) -> 1011.1
A25: JV | B25: Metered Electricity: Reconnection Fees: Rural | C25: 847.91304 | D25: 975.1 | E25: =+F25/1.15 -> 879.28583 | F25: =+D25+(D25*0.037) -> 1011.1787 | G25: =+H25/1.15 -> 879.21739 | H25: =ROUNDDOWN(F25,1) -> 1011.1 | I25: Plus transport costs + 25%
A26: WM, SV, RB | B26: Metered Electricity: Reconnection Fees: Town | C26: 847.91304 | D26: 975.1 | E26: =+F26/1.15 -> 879.28583 | F26: =+D26+(D26*0.037) -> 1011.1787 | G26: =+H26/1.15 -> 879.21739 | H26: =ROUNDDOWN(F26,1) -> 1011.1
A27: All towns | B27: Prepaid Electricity: New Connection: Domestic | C27: 1391.1304 | D27: 1599.8 | E27: =+F27/1.15 -> 1442.6023 | F27: =+D27+(D27*0.037) -> 1658.9926 | G27: =+H27/1.15 -> 1442.5217 | H27: =ROUNDDOWN(F27,1) -> 1658.9 | I27: Connection to houses without electricity (electrification projects only)
A28: All towns | B28: Prepaid Electricity: New Connection: Indigent | C28: 223.30435 | D28: 256.8 | E28: =+F28/1.15 -> 231.56661 | F28: =+D28+(D28*0.037) -> 266.3016 | G28: =+H28/1.15 -> 231.56522 | H28: =ROUNDDOWN(F28,1) -> 266.3 | I28: Connection to houses without electricity (electrification projects only)
A29: All towns | B29: Prepaid Electricity: Replace Keypad for Prepaid Meter | C29: 217.3913 | D29: 250 | E29: =+F29/1.15 -> 225.43478 | F29: =+D29+(D29*0.037) -> 259.25 | G29: =H29/1.15 -> 217.3913 | H29: 250
A30: All towns | B30: From Metered Elect to Prepaid - Meter Equipment | C30: 2172.6957 | D30: 2498.6 | E30: =+F30/1.15 -> 2253.0854 | F30: =+D30+(D30*0.037) -> 2591.0482 | G30: =+H30/1.15 -> 2253.0435 | H30: =ROUNDDOWN(F30,1) -> 2591
A31: All towns | B31: From Metered Elect to Prepaid - Installation Costs | C31: 953.56522 | D31: 1096.6 | E31: =+F31/1.15 -> 988.84713 | F31: =+D31+(D31*0.037) -> 1137.1742 | G31: =+H31/1.15 -> 988.78261 | H31: =ROUNDDOWN(F31,1) -> 1137.1
A32: All towns | B32: From Prepaid to Credit Meter - Meter & Installation | C32: 2330 | D32: 2679.5 | E32: =+F32/1.15 -> 2416.21 | F32: =+D32+(D32*0.037) -> 2778.6415 | G32: =+H32/1.15 -> 2416.1739 | H32: =ROUNDDOWN(F32,1) -> 2778.6
A33: All towns | B33: From Prepaid to Credit Meter - Deposit | C33: 3793.3 | D33: 3793.3 | E33: =+F33 -> 3933.6521 | F33: =+D33+(D33*0.037) -> 3933.6521 | G33: =+H33 -> 3933.6 | H33: =ROUNDDOWN(F33,1) -> 3933.6 | I33: No VAT on deposits
A34: All towns | B34: Electricity Call outs, repairs as a result of a consumer fault - Town (Normal Hours) | C34: 694.78261 | D34: 799 | E34: =+F34/1.15 -> 720.48957 | F34: =+D34+(D34*0.037) -> 828.563 | G34: =+H34/1.15 -> 720.43478 | H34: =ROUNDDOWN(F34,1) -> 828.5
A35: All towns | B35: Electricity Call outs, repairs as a result of a consumer fault - Town (After Hours) | C35: 1034.7826 | D35: 1190 | E35: =+F35/1.15 -> 1073.0696 | F35: =+D35+(D35*0.037) -> 1234.03 | G35: =+H35/1.15 -> 1073.0435 | H35: =ROUNDDOWN(F35,1) -> 1234
A36: All towns | B36: Electricity Call outs, repairs as a result of a consumer fault - Agric Area (Normal Hours) | C36: 694.78261 | D36: 799 | E36: =+F36/1.15 -> 720.48957 | F36: =+D36+(D36*0.037) -> 828.563 | G36: =+H36/1.15 -> 720.43478 | H36: =ROUNDDOWN(F36,1) -> 828.5 | I36: Tariff + 25% + transport
A37: All towns | B37: Electricity Call outs, repairs as a result of a consumer fault - Agric Area (After Hours) | C37: 1034.7826 | D37: 1190 | E37: =+F37/1.15 -> 1073.0696 | F37: =+D37+(D37*0.037) -> 1234.03 | G37: =+H37/1.15 -> 1073.0435 | H37: =ROUNDDOWN(F37,1) -> 1234 | I37: Tariff + 25% + transport
A38: All towns | B38: Electricity Call outs, repairs as a result of a consumer fault - Temporary Service Connection | C38: 0 | D38: 0 | E38: =+F38/1.15 -> 0 | F38: =+D38+(D38*0.037) -> 0 | G38: =+H38/1.15 -> 0 | H38: =ROUNDDOWN(F38,1) -> 0 | I38: Actual Costs + 25%
A39: All towns | B39: Electricity Call outs, repairs as a result of a consumer fault - Damages to service applications, meters, etc. | C39: 0 | D39: 0 | E39: =+F39/1.15 -> 0 | F39: =+D39+(D39*0.037) -> 0 | G39: =+H39/1.15 -> 0 | H39: =ROUNDDOWN(F39,1) -> 0 | I39: Actual Costs + 25%
A40: All towns | B40: Testing of Meters - Town - Single Phase | C40: 998.17391 | D40: 1147.9 | E40: =+F40/1.15 -> 1035.1063 | F40: =+D40+(D40*0.037) -> 1190.3723 | G40: =+H40/1.15 -> 1035.0435 | H40: =ROUNDDOWN(F40,1) -> 1190.3
A41: All towns | B41: Testing of Meters - Town - Three Phase | C41: 2309.6522 | D41: 2656.1 | E41: =+F41/1.15 -> 2395.1093 | F41: =+D41+(D41*0.037) -> 2754.3757 | G41: =+H41/1.15 -> 2395.0435 | H41: =ROUNDDOWN(F41,1) -> 2754.3
A42: All towns | B42: Testing of Meters - Town - Prepaid | C42: 1286.7826 | D42: 1479.8 | E42: =+F42/1.15 -> 1334.3936 | F42: =+D42+(D42*0.037) -> 1534.5526 | G42: =+H42/1.15 -> 1334.3478 | H42: =ROUNDDOWN(F42,1) -> 1534.5
A43: All towns | B43: Testing of Meters - Town - Demand Meter | C43: 1995.3913 | D43: 2294.7 | E43: =+F43/1.15 -> 2069.2208 | F43: =+D43+(D43*0.037) -> 2379.6039 | G43: =+H43/1.15 -> 2069.2174 | H43: =ROUNDDOWN(F43,1) -> 2379.6
A44: All towns | B44: Testing of Meters - Agricultural Area | C44: 0 | D44: 0 | E44: =+F44/1.15 -> 0 | F44: =+D44+(D44*0.037) -> 0 | G44: =+H44/1.15 -> 0 | H44: =ROUNDDOWN(F44,1) -> 0 | I44: Town tariff + transport + 25%
A45: All towns | B45: Special Meter Readings - Town | C45: 861.3913 | D45: 990.6 | E45: =+F45/1.15 -> 893.26278 | F45: =+D45+(D45*0.037) -> 1027.2522 | G45: =+H45/1.15 -> 893.21739 | H45: =ROUNDDOWN(F45,1) -> 1027.2
A46: All towns | B46: Special Meter Readings - Agricultural Area | C46: 0 | D46: 0 | E46: =+F46/1.15 -> 0 | F46: =+D46+(D46*0.037) -> 0 | G46: =+H46/1.15 -> 0 | H46: =ROUNDDOWN(F46,1) -> 0 | I46: Town tariff + transport + 25%
A47: All towns | B47: Testing of Installation | C47: 2020.9565 | D47: 2324.1 | E47: =+F47/1.15 -> 2095.7319 | F47: =+D47+(D47*0.037) -> 2410.0917 | G47: =+H47/1.15 -> 2095.6522 | H47: =ROUNDDOWN(F47,1) -> 2410
A48: All Towns | B48: Fine - tampering of Electricity Meter - First Offence | C48: 4499.2 | D48: 4499.2 | E48: =+F48 -> 4665.6704 | F48: =+D48+(D48*0.037) -> 4665.6704 | G48: =+H48 -> 4665.6 | H48: =ROUNDDOWN(F48,1) -> 4665.6 | I48: no VAT on fines
A49: All Towns | B49: Fine - tampering of Electricity Meter - Second Offence | C49: 8999.8 | D49: 8999.8 | E49: =+F49 -> 9332.7926 | F49: =+D49+(D49*0.037) -> 9332.7926 | G49: =+H49 -> 9332.7 | H49: =ROUNDDOWN(F49,1) -> 9332.7 | I49: no VAT on fines
A50: All Towns | B50: Fine - tampering of Electricity Meter - Third Offence and service will be removed | C50: 17999.9 | D50: 17999.9 | E50: =+F50 -> 18665.896 | F50: =+D50+(D50*0.037) -> 18665.896 | G50: =+H50 -> 18665.8 | H50: =ROUNDDOWN(F50,1) -> 18665.8 | I50: no VAT on fines
A51: JV, KP | B51: Moving an existing electricity meter | C51: 2153.8261 | D51: 2476.9 | E51: =+F51/1.15 -> 2233.5177 | F51: =+D51+(D51*0.037) -> 2568.5453 | G51: =+H51/1.15 -> 2233.4783 | H51: =ROUNDDOWN(F51,1) -> 2568.5
A52: GRT, AB, NB | B52: 16mm Single Ph underground serv connection: with credit meter | C52: 0 | D52: 0 | E52: =+F52/1.15 -> 0 | F52: =+D52+(D52*0.037) -> 0 | G52: =+H52/1.15 -> 0 | H52: =ROUNDDOWN(F52,1) -> 0 | I52: Actual Costs + 25%
A53: GRT, AB, NB | B53: 16mm Single Ph underground serv connection: with prepaid meter | C53: 0 | D53: 0 | E53: =+F53/1.15 -> 0 | F53: =+D53+(D53*0.037) -> 0 | G53: =+H53/1.15 -> 0 | H53: =ROUNDDOWN(F53,1) -> 0 | I53: Actual Costs + 25%
A54: GRT, AB, NB | B54: 16mm Single Ph underground serv connection: with prepaid meter and ready board | C54: 0 | D54: 0 | E54: =+F54/1.15 -> 0 | F54: =+D54+(D54*0.037) -> 0 | G54: =+H54/1.15 -> 0 | H54: =ROUNDDOWN(F54,1) -> 0 | I54: Actual Costs + 25%
A55: GRT, AB, NB | B55: Overhead Airdeck Cable Serv Connection: With prepaid meter | C55: 0 | D55: 0 | E55: =+F55/1.15 -> 0 | F55: =+D55+(D55*0.037) -> 0 | G55: =+H55/1.15 -> 0 | H55: =ROUNDDOWN(F55,1) -> 0 | I55: Actual Costs + 25%
A56: GRT, AB, NB | B56: Overhead Airdeck Cable Serv Connection: With credit meter | C56: 0 | D56: 0 | E56: =+F56/1.15 -> 0 | F56: =+D56+(D56*0.037) -> 0 | G56: =+H56/1.15 -> 0 | H56: =ROUNDDOWN(F56,1) -> 0 | I56: Actual Costs + 25%
A57: GRT, AB, NB | B57: Overhead Airdeck Cable Serv Connection: With prepaid meter and ready board | C57: 0 | D57: 0 | E57: =+F57/1.15 -> 0 | F57: =+D57+(D57*0.037) -> 0 | G57: =+H57/1.15 -> 0 | H57: =ROUNDDOWN(F57,1) -> 0 | I57: Actual Costs + 25%
A58: GRT, AB, NB | B58: Three Ph Underground serv connection: with credit meter | C58: 0 | D58: 0 | E58: =+F58/1.15 -> 0 | F58: =+D58+(D58*0.037) -> 0 | G58: =+H58/1.15 -> 0 | H58: =ROUNDDOWN(F58,1) -> 0 | I58: Actual Costs + 25%
A59: DR BEYERS NAUDÉ LOCAL MUNICIPALITY - GENERAL TARIFFS 2025/2026
A60: Town | B60: Tariff Description | C60: 2025/2026 | E60: 2026/2027 | G60: 2026/2027 rounded | I60: Comments
C61: RATE - vat excl | D61: RATE - vat incl | E61: RATE - vat excl | F61: RATE - vat incl | G61: RATE - vat excl | H61: RATE - vat incl
A62: WATER | J62: 1.06
A63: All towns | B63: Metered Water Deposit: Domestic | C63: 478.5 | D63: 478.5 | E63: =+F63 -> 496.2045 | F63: =+D63+(D63*0.037) -> 496.2045 | G63: =+H63 -> 496.2 | H63: =ROUNDDOWN(F63,1) -> 496.2 | I63: No VAT on deposits | J63: =C63*$J$62 -> 507.21
A64: All towns | B64: Metered Water Deposit: Business | C64: 478.5 | D64: 478.5 | E64: =+F64 -> 496.2045 | F64: =+D64+(D64*0.037) -> 496.2045 | G64: =+H64 -> 496.2 | H64: =ROUNDDOWN(F64,1) -> 496.2 | I64: No VAT on deposits | J64: =C64*$J$62 -> 507.21
A65: All towns | B65: Metered Water Deposit: Indigent | C65: 0 | D65: 0 | E65: =+F65 -> 0 | F65: =+D65+(D65*0.037) -> 0 | G65: =+H65 -> 0 | H65: =ROUNDDOWN(F65,1) -> 0 | I65: No VAT on deposits | J65: =C65*$J$62 -> 0
A66: All towns | B66: Metered Water: Reconnection Fees: Domestic | C66: 99.478261 | D66: 114.4 | E66: =+F66/1.15 -> 103.15896 | F66: =+D66+(D66*0.037) -> 118.6328 | G66: =+H66/1.15 -> 103.13043 | H66: =ROUNDDOWN(F66,1) -> 118.6 | J66: =C66*$J$62 -> 105.44696
A67: All towns | B67: Metered Water Reconnection Fees: Business | C67: 99.478261 | D67: 114.4 | E67: =+F67/1.15 -> 103.15896 | F67: =+D67+(D67*0.037) -> 118.6328 | G67: =+H67/1.15 -> 103.13043 | H67: =ROUNDDOWN(F67,1) -> 118.6 | J67: =C67*$J$62 -> 105.44696
A68: All towns | B68: Metered Water Reconnection Fees: Indigent | C68: 0 | D68: 0 | E68: =+F68/1.15 -> 0 | F68: =+D68+(D68*0.037) -> 0 | G68: =+H68/1.15 -> 0 | H68: =ROUNDDOWN(F68,1) -> 0 | I68: NIL | J68: =C68*$J$62 -> 0
A69: All Towns | B69: Fine - obstruction of Water Meter | C69: 1595.2 | D69: 1595.2 | E69: =+F69 -> 1654.2224 | F69: =+D69+(D69*0.037) -> 1654.2224 | G69: =+H69 -> 1654.2 | H69: =ROUNDDOWN(F69,1) -> 1654.2 | I69: no VAT on fines | J69: =C69*$J$62 -> 1690.912
A70: All Towns | B70: Fine - tampering of Water Meter | C70: 1595.2 | D70: 1595.2 | E70: =+F70 -> 1654.2224 | F70: =+D70+(D70*0.037) -> 1654.2224 | G70: =+H70 -> 1654.2 | H70: =ROUNDDOWN(F70,1) -> 1654.2 | I70: no VAT on fines | J70: =C70*$J$62 -> 1690.912
A71: GRT, AB, NB | B71: New connections | C71: 0 | D71: 0 | E71: =+F71/1.15 -> 0 | F71: =+D71+(D71*0.037) -> 0 | G71: =+H71/1.15 -> 0 | H71: =ROUNDDOWN(F71,1) -> 0 | I71: Actual Costs + 25%
A72: All towns | B72: Test of Water Meter | C72: 409.13043 | D72: 470.5 | E72: =+F72/1.15 -> 424.26826 | F72: =+D72+(D72*0.037) -> 487.9085 | G72: =+H72/1.15 -> 424.26087 | H72: =ROUNDDOWN(F72,1) -> 487.9 | J72: =C72*$J$62 -> 433.67826
A73: RATES
A74: All towns | B74: Encroachments | C74: 228.1 | D74: 228.1 | E74: =+F74 -> 236.5397 | F74: =+D74+(D74*0.037) -> 236.5397 | G74: =+H74 -> 236.5 | H74: =ROUNDDOWN(F74,1) -> 236.5 | J74: =D74*1.06 -> 241.786
A75: All towns | B75: Encroachment Boards | C75: 262.52174 | D75: 301.9 | E75: =+F75/1.15 -> 272.23504 | F75: =+D75+(D75*0.037) -> 313.0703 | G75: =+H75/1.15 -> 272.17391 | H75: =ROUNDDOWN(F75,1) -> 313 | J75: =D75*1.06 -> 320.014
A76: REFUSE
A77: JV, KP | B77: Garden refuse - per load removed | C77: 123.73913 | D77: 142.3 | E77: =+F77/1.15 -> 128.31748 | F77: =+D77+(D77*0.037) -> 147.5651 | G77: =+H77/1.15 -> 128.26087 | H77: =ROUNDDOWN(F77,1) -> 147.5 | J77: =D77*1.06 -> 150.838
A78: SEWERAGE/SANITATION
A79: GRT, AB, NB | B79: Sanitation/Pump of Septic Tanks (Urban Areas) | C79: 925.91304 | D79: 1064.8 | E79: =+F79/1.15 -> 960.17183 | F79: =+D79+(D79*0.037) -> 1104.1976 | G79: =+H79/1.15 -> 960.08696 | H79: =ROUNDDOWN(F79,1) -> 1104.1 | I79: +AA tariff per kilometer | J79: =D79*1.06 -> 1128.688
A80: GRT, AB, NB | B80: Sanitation/Pump of Septic Tanks (Indigents) | C80: 0 | D80: 0 | E80: =+F80/1.15 -> 0 | F80: =+D80+(D80*0.037) -> 0 | G80: =+H80/1.15 -> 0 | H80: =ROUNDDOWN(F80,1) -> 0 | I80: one load per month free | J80: =D80*1.06 -> 0
A81: JV, KP | B81: Septic Tank Removal | C81: 322.95652 | D81: 371.4 | E81: =+F81/1.15 -> 334.90591 | F81: =+D81+(D81*0.037) -> 385.1418 | G81: =+H81/1.15 -> 334.86957 | H81: =ROUNDDOWN(F81,1) -> 385.1 | I81: per removal | J81: =D81*1.06 -> 393.684
A82: JV, KP | B82: Septic Tank Removal (Indigents) | C82: 0 | D82: 0 | E82: =+F82/1.15 -> 0 | F82: =+D82+(D82*0.037) -> 0 | G82: =+H82/1.15 -> 0 | H82: =ROUNDDOWN(F82,1) -> 0 | I82: one load per month free | J82: =D82*1.06 -> 0
A83: WM & SV | B83: Septic Tank Removal | C83: 322.95652 | D83: 371.4 | E83: =+F83/1.15 -> 334.90591 | F83: =+D83+(D83*0.037) -> 385.1418 | G83: =+H83/1.15 -> 334.86957 | H83: =ROUNDDOWN(F83,1) -> 385.1 | I83: per removal | J83: =D83*1.06 -> 393.684
A84: WM & SV | B84: Septic Tank Removal (Indigents) | C84: 0 | D84: 0 | E84: =+F84/1.15 -> 0 | F84: =+D84+(D84*0.037) -> 0 | G84: =+H84/1.15 -> 0 | H84: =ROUNDDOWN(F84,1) -> 0 | I84: one load per month free | J84: =D84*1.06 -> 0
A85: RB | B85: Septic Tank Removal | C85: 92.782609 | D85: 106.7 | E85: =+F85/1.15 -> 96.215565 | F85: =+D85+(D85*0.037) -> 110.6479 | G85: =+H85/1.15 -> 96.173913 | H85: =ROUNDDOWN(F85,1) -> 110.6 | I85: per removal | J85: =D85*1.06 -> 113.102
A86: RB | B86: Septic Tank Removal (Indigents) | C86: 0 | D86: 0 | E86: =+F86/1.15 -> 0 | F86: =+D86+(D86*0.037) -> 0 | G86: =+H86/1.15 -> 0 | H86: =ROUNDDOWN(F86,1) -> 0 | I86: one load per month free | J86: =D86*1.06 -> 0
A87: WM, SV, RB | B87: Sewerage Truck | C87: 42.956522 | D87: 49.4 | E87: =+F87/1.15 -> 44.545913 | F87: =+D87+(D87*0.037) -> 51.2278 | G87: =+H87/1.15 -> 44.521739 | H87: =ROUNDDOWN(F87,1) -> 51.2 | I87: per km | J87: =D87*1.06 -> 52.364
A88: GRT, AB, NB | B88: Buckets - None in use (can sell old buckets) | C88: 48.434783 | D88: 55.7 | E88: =+F88/1.15 -> 50.22687 | F88: =+D88+(D88*0.037) -> 57.7609 | G88: =+H88/1.15 -> 50.173913 | H88: =ROUNDDOWN(F88,1) -> 57.7 | J88: =D88*1.06 -> 59.042
A89: GRT, AB, NB | B89: New connection to sewerage line | C89: 0 | D89: 0 | E89: =+F89/1.15 -> 0 | F89: =+D89+(D89*0.037) -> 0 | G89: =+H89/1.15 -> 0 | H89: =ROUNDDOWN(F89,1) -> 0 | I89: Actual Costs + 25%
A90: GRT, AB, NB | B90: Re-inspection and testing of sewerage connection | C90: 197.91304 | D90: 227.6 | E90: =+F90/1.15 -> 205.23583 | F90: =+D90+(D90*0.037) -> 236.0212 | G90: =+H90/1.15 -> 205.21739 | H90: =ROUNDDOWN(F90,1) -> 236 | J90: =D90*1.06 -> 241.256
A91: GRT, AB, NB | B91: Sewerage Blockages: Mondays to Fridays | C91: 396.95652 | D91: 456.5 | E91: =+F91/1.15 -> 411.64391 | F91: =+D91+(D91*0.037) -> 473.3905 | G91: =+H91/1.15 -> 411.56522 | H91: =ROUNDDOWN(F91,1) -> 473.3 | J91: =D91*1.06 -> 483.89
A92: GRT, AB, NB | B92: Sewerage Blockages: Saterdays and After Hours | C92: 589.65217 | D92: 678.1 | E92: =+F92/1.15 -> 611.4693 | F92: =+D92+(D92*0.037) -> 703.1897 | G92: =+H92/1.15 -> 611.3913 | H92: =ROUNDDOWN(F92,1) -> 703.1 | J92: =D92*1.06 -> 718.786
A93: GRT, AB, NB | B93: Sewerage Blockages: Sundays & Public Holidays | C93: 782.08696 | D93: 899.4 | E93: =+F93/1.15 -> 811.02417 | F93: =+D93+(D93*0.037) -> 932.6778 | G93: =+H93/1.15 -> 810.95652 | H93: =ROUNDDOWN(F93,1) -> 932.6 | J93: =D93*1.06 -> 953.364
A94: WM,SV,RB | B94: Sewerage Blockages | C94: 173.47826 | D94: 199.5 | E94: =+F94/1.15 -> 179.89696 | F94: =+D94+(D94*0.037) -> 206.8815 | G94: =+H94/1.15 -> 179.82609 | H94: =ROUNDDOWN(F94,1) -> 206.8 | J94: =D94*1.06 -> 211.47
A95: DR BEYERS NAUDÉ LOCAL MUNICIPALITY - GENERAL TARIFFS 2025/2026
A96: Town | B96: Tariff Description | C96: 2025/2026 | E96: 2026/2027 | G96: 2026/2027 rounded | I96: Comments
C97: RATE - vat excl | D97: RATE - vat incl | E97: RATE - vat excl | F97: RATE - vat incl | G97: RATE - vat excl | H97: RATE - vat incl
A98: HEALTH DEPARTMENT
A99: GRT, AB, NB | B99: Exhumations | C99: 1938.4348 | D99: 2229.2 | E99: =+F99/1.15 -> 2010.1569 | F99: =+D99+(D99*0.037) -> 2311.6804 | G99: =+H99/1.15 -> 2010.087 | H99: =ROUNDDOWN(F99,1) -> 2311.6 | J99: =D99*1.06 -> 2362.952
A100: GRT, AB, NB | B100: Grave Plots | C100: 931.47826 | D100: 1071.2 | E100: =+F100/1.15 -> 965.94296 | F100: =+D100+(D100*0.037) -> 1110.8344 | G100: =+H100/1.15 -> 965.91304 | H100: =ROUNDDOWN(F100,1) -> 1110.8 | J100: =D100*1.06 -> 1135.472
...

Sheet summary
A1: DR BEYERS NAUDÉ LOCAL MUNICIPALITY TARIFFS 2017/2018
A2: BULK INFRASTRUCTURE CONTRIBUTION LEVY (BICL) CHARGES (see addendum)
E4: GRT | F4: ABERDEEN | G4: NIEU-BETHESDA | H4: JANSENVILLE | I4: KLIPPLAAT | J4: WILLOWMORE | K4: STEYTLERVILLE | L4: RIETBRON
A6: METERED ELECTRICITY TARIFFS
A8: METERED ELECTRICITY - DEPOSITS
A10: Type of deposit | E10: NO VAT | F10: NO VAT | G10: NO VAT | H10: NO VAT | I10: NO VAT | J10: NO VAT | K10: NO VAT | L10: NO VAT
A11: Domestic | E11: =1405*1.07 -> 1503.35 | F11: =1405*1.07 -> 1503.35 | J11: =1405*1.07 -> 1503.35 | K11: 1503.35
A12: Other | C12: or amount equal to one month's consumption | E12: =2240*1.07 -> 2396.8 | F12: =2240*1.07 -> 2396.8
C13: or an amount specified by Treasurer
A16: METERED ELECTRICITY - CONNECTION & DISCONNECTION FEES
A18: Area: | E18: VAT EXCL | F18: VAT EXCL | G18: VAT EXCL | H18: VAT EXCL | I18: VAT EXCL | J18: VAT EXCL | K18: VAT EXCL | L18: VAT EXCL
A19: Town | B19: New or closed accounts - connection & disconnection fees | J19: 434.78 | K19: 434.78
A20: Town | B20: Disconnection or restriction of services | J20: 434.78 | K20: 434.78
A21: Town | B21: Reconnection or reinstatement of services | E21: 434.78 | F21: 434.78 | H21: 434.78 | J21: 434.78 | K21: 434.78
A22: Rural Area | D22: (plus transport costs + 25%) | E22: 434.78 | F22: 434.78
A25: METERED ELECTRICITY - AVAILABILITY & ENERGY CONSUMPTION (subject to approval by NERSA)
A27: SCALE 1 - DOMESTIC
A29: Low Domestic Town - Indigent | E29: VAT EXCL | F29: VAT EXCL | G29: VAT EXCL | H29: VAT EXCL | I29: VAT EXCL | J29: VAT EXCL | K29: VAT EXCL | L29: VAT EXCL
A30: Availability | D30: Availability | E30: =146.57*1.07 -> 156.8299 | F30: =146.57*1.07 -> 156.8299 | J30: =146.57*1.07 -> 156.8299 | K30: =146.57*1.07 -> 156.8299
A31: Per unit/kWh | B31: Block 1 | C31: 1-50kWh | D31: Energy/kWh | E31: =0.8036*1.07 -> 0.859852 | F31: =0.8036*1.07 -> 0.859852 | J31: =0.8036*1.07 -> 0.859852 | K31: =0.8036*1.07 -> 0.859852
A32: Per unit/kWh | B32: Block 2 | C32: 51-350kWh | D32: Energy/kWh | E32: =1.0414*1.07 -> 1.114298 | F32: =1.0414*1.07 -> 1.114298 | J32: =1.0414*1.07 -> 1.114298 | K32: =1.0414*1.07 -> 1.114298
A33: Per unit/kWh | B33: Block 3 | C33: 351-600kWh | D33: Energy/kWh | E33: =1.2062*1.07 -> 1.290634 | F33: =1.2062*1.07 -> 1.290634 | J33: =1.2062*1.07 -> 1.290634 | K33: =1.2062*1.07 -> 1.290634
A34: Per unit/kWh | B34: Block 4 | C34: >600kWh | D34: Energy/kWh | E34: =1.4263*1.07 -> 1.526141 | F34: =1.4263*1.07 -> 1.526141 | J34: =1.4263*1.07 -> 1.526141 | K34: =1.4263*1.07 -> 1.526141
A36: Domestic Town | E36: VAT EXCL | F36: VAT EXCL | G36: VAT EXCL | H36: VAT EXCL | I36: VAT EXCL | J36: VAT EXCL | K36: VAT EXCL | L36: VAT EXCL
A37: Availability | D37: Availability | E37: =209.52*1.07 -> 224.1864 | F37: =209.52*1.07 -> 224.1864 | J37: =209.52*1.07 -> 224.1864 | K37: =209.52*1.07 -> 224.1864
A38: Per unit/kWh | B38: Block 1 | C38: 1-50kWh | D38: Energy/kWh | E38: =0.8905*1.07 -> 0.952835 | F38: =0.8905*1.07 -> 0.952835 | J38: =0.8905*1.07 -> 0.952835 | K38: =0.8905*1.07 -> 0.952835
A39: Per unit/kWh | B39: Block 2 | C39: 51-350kWh | D39: Energy/kWh | E39: =1.1175*1.07 -> 1.195725 | F39: =1.1175*1.07 -> 1.195725 | J39: =1.1175*1.07 -> 1.195725 | K39: =1.1175*1.07 -> 1.195725
A40: Per unit/kWh | B40: Block 3 | C40: 351-600kWh | D40: Energy/kWh | E40: =1.4263*1.07 -> 1.526141 | F40: =1.4263*1.07 -> 1.526141 | J40: =1.4263*1.07 -> 1.526141 | K40: =1.4263*1.07 -> 1.526141
A41: Per unit/kWh | B41: Block 4 | C41: >600kWh | D41: Energy/kWh | E41: =1.6606*1.07 -> 1.776842 | F41: =1.6606*1.07 -> 1.776842 | J41: =1.6606*1.07 -> 1.776842 | K41: =1.6606*1.07 -> 1.776842
A43: Domestic - Farms (Jansenville) | E43: VAT EXCL | F43: VAT EXCL | G43: VAT EXCL | H43: VAT EXCL | I43: VAT EXCL | J43: VAT EXCL | K43: VAT EXCL | L43: VAT EXCL
A44: Availability | D44: Availability | E44: =209.52*1.07 -> 224.1864
A45: Per unit/kWh | B45: Block 1 | C45: 1-50kWh | D45: Energy/kWh | E45: =0.8905*1.07 -> 0.952835
A46: Per unit/kWh | B46: Block 2 | C46: 51-350kWh | D46: Energy/kWh | E46: =1.1175*1.07 -> 1.195725
A47: Per unit/kWh | B47: Block 3 | C47: 351-600kWh | D47: Energy/kWh | E47: =1.4263*1.07 -> 1.526141
A48: Per unit/kWh | B48: Block 4 | C48: >600kWh | D48: Energy/kWh | E48: =1.6606*1.07 -> 1.776842
A49: Maintenance | D49: Maintenance | E49: =285.73*1.07 -> 305.7311
A51: Domestic - Farms (FM Lines) | E51: VAT EXCL | F51: VAT EXCL | G51: VAT EXCL | H51: VAT EXCL | I51: VAT EXCL | J51: VAT EXCL | K51: VAT EXCL | L51: VAT EXCL
A52: Availability | D52: Availability | E52: =209.52*1.07 -> 224.1864
A53: Per unit/kWh | B53: Block 1 | C53: 1-50kWh | D53: Energy/kWh | E53: =0.8905*1.07 -> 0.952835
A54: Per unit/kWh | B54: Block 2 | C54: 51-350kWh | D54: Energy/kWh | E54: =1.1175*1.07 -> 1.195725
A55: Per unit/kWh | B55: Block 3 | C55: 351-600kWh | D55: Energy/kWh | E55: =1.4263*1.07 -> 1.526141
A56: Per unit/kWh | B56: Block 4 | C56: >600kWh | D56: Energy/kWh | E56: =1.6606*1.07 -> 1.776842
A57: Maintenance | D57: Maintenance | E57: =225.64*1.07 -> 241.4348
A59: Domestic Departure Use | E59: VAT EXCL | F59: VAT EXCL | G59: VAT EXCL | H59: VAT EXCL | I59: VAT EXCL | J59: VAT EXCL | K59: VAT EXCL | L59: VAT EXCL
A60: Availability | D60: Availability | E60: =378.75*1.07 -> 405.2625 | F60: =378.75*1.07 -> 405.2625
A61: Per unit/kWh | B61: Block 1 | C61: 1-50kWh | D61: Energy/kWh | E61: =0.8905*1.07 -> 0.952835 | F61: =0.8905*1.07 -> 0.952835
A62: Per unit/kWh | B62: Block 2 | C62: 51-350kWh | D62: Energy/kWh | E62: =1.1175*1.07 -> 1.195725 | F62: =1.1175*1.07 -> 1.195725
A63: Per unit/kWh | B63: Block 3 | C63: 351-600kWh | D63: Energy/kWh | E63: =1.4263*1.07 -> 1.526141 | F63: =1.4263*1.07 -> 1.526141
A64: Per unit/kWh | B64: Block 4 | C64: >600kWh | D64: Energy/kWh | E64: =1.6606*1.07 -> 1.776842 | F64: =1.6606*1.07 -> 1.776842
A67: DR BEYERS NAUDÉ LOCAL MUNICIPALITY TARIFFS 2017/2018
A68: BULK INFRASTRUCTURE CONTRIBUTION LEVY (BICL) CHARGES (see addendum)
A70: PRE-PAID ELECTRICITY TARIFFS
A72: PRE-PAID ELECTRICITY - CONNECTION FEES
A74: New Connection - Domestic | E74: VAT EXCL | F74: VAT EXCL | G74: VAT EXCL | H74: VAT EXCL | I74: VAT EXCL | J74: VAT EXCL | K74: VAT EXCL | L74: VAT EXCL
A75: Connection to houses without Electricity (Electrification Projects only) | E75: =666.67*1.07 -> 713.3369 | F75: =666.67*1.07 -> 713.3369
A77: New Connection - Indigent | E77: VAT EXCL | F77: VAT EXCL | G77: VAT EXCL | H77: VAT EXCL | I77: VAT EXCL | J77: VAT EXCL | K77: VAT EXCL | L77: VAT EXCL
A78: Connection to houses without Electricity (Electrification Projects only) | E78: =107.89*1.07 -> 115.4423 | F78: =107.89*1.07 -> 115.4423
A80: From Metered Electricity to Pre-Paid Meter | E80: VAT EXCL | F80: VAT EXCL | G80: VAT EXCL | H80: VAT EXCL | I80: VAT EXCL | J80: VAT EXCL | K80: VAT EXCL | L80: VAT EXCL
A81: Meter Equipment | C81: Actual Costs | E81: =1040.35*1.07 -> 1113.1745 | F81: =1040.35*1.07 -> 1113.1745
A82: Installation Costs | C82: Actual Costs | E82: =457.02*1.07 -> 489.0114 | F82: =457.02*1.07 -> 489.0114
A83: TOTAL COST | E83: =SUM(E81:E82) -> 1602.1859 | F83: =SUM(F81:F82) -> 1602.1859
A85: From Pre-Paid Meter to Credit Meter | E85: VAT EXCL | F85: VAT EXCL | G85: VAT EXCL | H85: VAT EXCL | I85: VAT EXCL | J85: VAT EXCL | K85: VAT EXCL | L85: VAT EXCL
A86: Meter & Installation | C86: Actual Costs | E86: =1115.79*1.07 -> 1193.8953 | F86: =1115.79*1.07 -> 1193.8953
A87: Deposit | D87: NO VAT | E87: =1816*1.07 -> 1943.12 | F87: =1816*1.07 -> 1943.12
A88: TOTAL COST | E88: =SUM(E86:E87) -> 3137.0153 | F88: =SUM(F86:F87) -> 3137.0153
A90: PRE-PAID ELECTRICITY - ENERGY CONSUMPTION (subject to approval by NERSA) | J90: Is ZaaymansHoek Indigent? | K90: Is ZaaymansHoek Indigent?
A92: Domestic Indigent | E92: VAT EXCL | F92: VAT EXCL | G92: VAT EXCL | H92: VAT EXCL | I92: VAT EXCL | J92: VAT EXCL | K92: VAT EXCL | L92: VAT EXCL
A93: Per unit/kWh | B93: Block 1 | C93: 1-50kWh | D93: Energy/kWh | E93: =0.8312*1.07 -> 0.889384 | F93: =0.8312*1.07 -> 0.889384 | H93: 0.889384 | J93: =0.8312*1.07 -> 0.889384 | K93: 0.889384
A94: Per unit/kWh | B94: Block 2 | C94: 51-350kWh | D94: Energy/kWh | E94: =1.0901*1.07 -> 1.166407 | F94: =1.0901*1.07 -> 1.166407 | H94: 1.166407 | J94: =1.0901*1.07 -> 1.166407 | K94: 1.166407
A95: Per unit/kWh | B95: Block 3 | C95: 351-600kWh | D95: Energy/kWh | E95: =1.4773*1.07 -> 1.580711 | F95: =1.4773*1.07 -> 1.580711 | H95: 1.580711 | J95: =1.4773*1.07 -> 1.580711 | K95: 1.580711
A96: Per unit/kWh | B96: Block 4 | C96: >600kWh | D96: Energy/kWh | E96: =1.732*1.07 -> 1.85324 | F96: =1.732*1.07 -> 1.85324 | H96: 1.85324 | J96: =1.732*1.07 -> 1.85324 | K96: 1.85324
A98: Domestic - 60 Amp | E98: VAT EXCL | F98: VAT EXCL | G98: VAT EXCL | H98: VAT EXCL | I98: VAT EXCL | J98: VAT EXCL | K98: VAT EXCL | L98: VAT EXCL
A99: Per unit/kWh | B99: Block 1 | C99: 1-50kWh | D99: Energy/kWh | E99: =1.1776*1.07 -> 1.260032 | F99: =1.1776*1.07 -> 1.260032 | H99: 1.260032 | J99: =1.1776*1.07 -> 1.260032 | K99: =1.1776*1.07 -> 1.260032
A100: Per unit/kWh | B100: Block 2 | C100: 51-350kWh | D100: Energy/kWh | E100: =1.28222*1.07 -> 1.3719754 | F100: =1.28222*1.07 -> 1.3719754 | H100: 1.3719754 | J100: =1.28222*1.07 -> 1.3719754 | K100: =1.28222*1.07 -> 1.3719754
A101: Per unit/kWh | B101: Block 3 | C101: 351-600kWh | D101: Energy/kWh | E101: =1.5486*1.07 -> 1.657002 | F101: =1.5486*1.07 -> 1.657002 | H101: 1.657002 | J101: =1.5486*1.07 -> 1.657002 | K101: =1.5486*1.07 -> 1.657002
A102: Per unit/kWh | B102: Block 4 | C102: >600kWh | D102: Energy/kWh | E102: =1.8237*1.07 -> 1.951359 | F102: =1.8237*1.07 -> 1.951359 | H102: 1.951359 | J102: =1.8237*1.07 -> 1.951359 | K102: =1.8237*1.07 -> 1.951359
A105: ELECTRICITY ADMINISTRATIVE CHARGES
A107: ELECTRICITY ADMINISTRATIVE CHARGES - ELECTRICIAN CALL-OUT TARIFFS
A109: Electricity Call-outs, Repairs as Result of Consumer Fault | E109: VAT EXCL | F109: VAT EXCL | G109: VAT EXCL | H109: VAT EXCL | I109: VAT EXCL | J109: VAT EXCL | K109: VAT EXCL | L109: VAT EXCL
A110: Town (Normal Hours) | E110: =333.33*1.07 -> 356.6631 | F110: =333.33*1.07 -> 356.6631 | H110: =333.33*1.07 -> 356.6631 | J110: =333.33*1.07 -> 356.6631 | K110: =333.33*1.07 -> 356.6631
A111: Town (After Hours) | E111: =495.61*1.07 -> 530.3027 | F111: =495.61*1.07 -> 530.3027 | H111: =495.61*1.07 -> 530.3027 | J111: =495.61*1.07 -> 530.3027 | K111: =495.61*1.07 -> 530.3027
A112: Agricultural Area (Normal Hours) | D112: Tariff + 25% + transport | E112: =333.33*1.07 -> 356.6631 | F112: =333.33*1.07 -> 356.6631 | H112: =333.33*1.07 -> 356.6631 | J112: =333.33*1.07 -> 356.6631 | K112: =333.33*1.07 -> 356.6631
A113: Agricultural Area (After Hours) | D113: Tariff + 25% + transport | E113: =495.61*1.07 -> 530.3027 | F113: =495.61*1.07 -> 530.3027 | H113: =495.61*1.07 -> 530.3027 | J113: =495.61*1.07 -> 530.3027 | K113: =495.61*1.07 -> 530.3027
A114: Temporary Service Connection | D114: Actual Costs + 25%
A115: Damages to service applications, meters, etc. | D115: Actual Costs + 25%
A117: Moving an existing electricity meter | E117: VAT EXCL | F117: VAT EXCL | G117: VAT EXCL | H117: VAT EXCL | I117: VAT EXCL | J117: VAT EXCL | K117: VAT EXCL | L117: VAT EXCL
A118: Moving an existing electricity meter | H118: =1031.58*1.07 -> 1103.7906
A120: Testing of Meters | E120: VAT EXCL | F120: VAT EXCL | G120: VAT EXCL | H120: VAT EXCL | I120: VAT EXCL | J120: VAT EXCL | K120: VAT EXCL | L120: VAT EXCL
A121: Town | D121: Single Phase | E121: =478.95*1.07 -> 512.4765 | F121: =478.95*1.07 -> 512.4765 | H121: =478.95*1.07 -> 512.4765 | J121: =478.95*1.07 -> 512.4765 | K121: =478.95*1.07 -> 512.4765
A122: Town | D122: Three Phase | E122: =1106.14*1.07 -> 1183.5698 | F122: =1106.14*1.07 -> 1183.5698 | H122: =1106.14*1.07 -> 1183.5698 | J122: =1106.14*1.07 -> 1183.5698 | K122: =1106.14*1.07 -> 1183.5698
A123: Town | D123: Prepaid | E123: =616.67*1.07 -> 659.8369 | F123: =616.67*1.07 -> 659.8369 | H123: =616.67*1.07 -> 659.8369 | J123: =616.67*1.07 -> 659.8369 | K123: =616.67*1.07 -> 659.8369
A124: Town | D124: Demand Meter | E124: =956.14*1.07 -> 1023.0698 | F124: =956.14*1.07 -> 1023.0698 | H124: =956.14*1.07 -> 1023.0698 | J124: =956.14*1.07 -> 1023.0698 | K124: =956.14*1.07 -> 1023.0698
A125: Agricultural Area | D125: Town Tariff + transport + 25%
A127: Special Meter Readings | E127: VAT EXCL | F127: VAT EXCL | G127: VAT EXCL | H127: VAT EXCL | I127: VAT EXCL | J127: VAT EXCL | K127: VAT EXCL | L127: VAT EXCL
A128: Town | E128: =413.16*1.07 -> 442.0812 | F128: =413.16*1.07 -> 442.0812 | H128: =413.16*1.07 -> 442.0812
A129: Agricultural Area | D129: Town Tariff + transport + 25%
A131: Testing of Installation | E131: VAT EXCL | F131: VAT EXCL | G131: VAT EXCL | H131: VAT EXCL | I131: VAT EXCL | J131: VAT EXCL | K131: VAT EXCL | L131: VAT EXCL
E132: =967.54*1.07 -> 1035.2678 | F132: =967.54*1.07 -> 1035.2678 | H132: =967.54*1.07 -> 1035.2678
A134: DR BEYERS NAUDÉ LOCAL MUNICIPALITY TARIFFS 2017/2018
A135: BULK INFRASTRUCTURE CONTRIBUTION LEVY (BICL) CHARGES (see addendum)
...

Sheet Sheet2
A1: ConnectionFees
A2: Reconnection fees
A3: Deposits | B3: All the same
A4: Elextricity Domestic& Indigent step Tarrifs
A5: Administrative Charges
A7: Water vehoog met 6%
A8: Electricity All exept Domestic 7%
A9: Refuse (See other sheet) | B9: tarrif 18/19 | C9: Excl Vat
A10: sanitation/sewer 6%
A11: Property rates 6% | B11: NO VAT
